 Dungeon Crawl Stone Soup version 0.30.0-20-g3615ddf2f0 (webtiles) character file.

Game seed: 3952274410981398514

109 qw the Chopper (level 4, -5/28 HPs)
             Began as a Gargoyle Fighter on May 31, 2023.
             Killed by an exploding butterfly (11 damage)
             ... ignited by their inner flame
             ... on level 2 of the Dungeon.
             The game lasted 00:01:05 (1853 turns).

qw the Chopper (Gargoyle Fighter)                   Turns: 1853, Time: 00:01:06

Health: -5/28      AC: 12    Str: 21    XL:     4   Next: 90%
Magic:  4/4        EV:  9    Int:  9    God:
Gold:   20         SH:  4    Dex:  9    Spells: 3/3 levels left

rFire   . . .        Y - +0 war axe
rCold   . . .        c - +0 buckler
rNeg    + . .        b - +0 scale mail
rPois   inf          (no helmet)
rElec   +            (no cloak)
rCorr   .            p - +0 pair of gloves
SInv    .            e - +0 pair of boots
Will    .....        i - amulet of regeneration Stlth
                     (no ring)
HPRegen 1.04/turn    (no ring)
MPRegen 0.09/turn

%: no passive effects
@: weak-willed
A: sickness immunity, AC +3, negative energy resistance 1, electricity
resistance, torment resistance 1, petrification resistance
a: no special abilities


You were on level 2 of the Dungeon.
You visited 1 branch of the dungeon, and saw 2 of its levels.

You collected 83 gold pieces.
You spent 63 gold pieces at shops.


Innate Abilities, Weirdness & Mutations

You are immune to sickness and miasma.
Your stone body is resilient. (AC +3)
You are immune to poison.
You resist negative energy. (rN+)
You are resistant to electric shocks. (rElec)
You are resistant to unholy torment.
You are immune to petrification.


   Skills:
 - Level 3.2 Fighting
 + Level 4.4 Axes
 - Level 3.2 Armour
 - Level 3.2 Shields


You had 3 spell levels left.
You didn't know any spells.
Your spell library was empty.

Inventory:

Hand Weapons
 n - a +1 whip of venom
 Y - a +0 war axe (weapon)
Armour
 b - a +0 scale mail (worn)
 c - a +0 buckler (worn)
 e - a +0 pair of boots (worn)
 p - a +0 pair of gloves (worn)
Jewellery
 i - an amulet of regeneration (around neck)
Scrolls
 a - a scroll of fear
Potions
 d - a potion of might
 f - 2 potions of curing

Dungeon Overview and Level Annotations

Branches:
Dungeon (2/15)

Altars:

Shops:
D:2 *


Message History

Your butterfly is poisoned.
Your butterfly is engulfed in poison gas.
Your butterfly is poisoned.
You kill your butterfly!
Your butterfly disappears in a burst of colours!
Done exploring.
1851 ||| READING scroll labelled MODETO WINAE.
As you read the scroll labelled MODETO WINAE, it crumbles to dust.
You feel momentarily disoriented.
It was a scroll of magic mapping.
Your butterfly is poisoned.
Done exploring.
1852 ||| READING scroll labelled ALUTOZ PAWUEMITO.
As you read the scroll labelled ALUTOZ PAWUEMITO, it crumbles to dust.
The creatures around you are filled with an inner flame!
It was a scroll of immolation.
Your butterfly disappears in a burst of colours!
Your butterfly explodes!
Your butterfly is poisoned.
Done exploring.
1853 ||| DRINKING 3 emerald potions.
It was a potion of curing.
You feel better.
Your butterfly disappears in a burst of colours!
Your butterfly explodes!
The fiery explosion engulfs your butterfly!!
Your butterfly disappears in a burst of colours!
Your butterfly explodes!
The fiery explosion engulfs your butterfly!!
Your butterfly disappears in a burst of colours!
Your butterfly explodes!
The fiery explosion engulfs your butterfly!!
Your butterfly disappears in a burst of colours!
The fiery explosion engulfs you!
The fiery explosion engulfs your butterfly!!
Your butterfly disappears in a burst of colours!
Your butterfly explodes!
The fiery explosion engulfs you!
Your butterfly explodes!
The fiery explosion engulfs your butterfly!
Your butterfly disappears in a burst of colours!
The fiery explosion engulfs you!
You die...

### ################### #..
######...¤¤.8b<¤@¤8¤¤¤¤# #..
.......#########¤##¤¤¤¤# #..
.......#########¤##...¤# #..
####...........#¤##....# #..
...............#¤##....########..
###............#¤##..............
..%............#¤##....########..
###....#########¤##....# #.>
.......# #.##....# #.>


There were no monsters in sight!

Vanquished Creatures
  Jessica (D:2)
  An adder (D:2)
  2 dart slugs (D:1)
  7 ball pythons
  5 endoplasms
  3 giant cockroaches
  9 goblins
  6 hobgoblins
  4 jackals (D:1)
  9 kobolds
  5 quokkas
  4 bats
  A frilled lizard (D:1)
  6 rats
63 creatures vanquished.

Notes
Turn   | Place    | Note
-------+----------+-------------------------------------------
     0 | D:1      | qw the Gargoyle Fighter began the quest for the Orb.
     0 | D:1      | Reached XP level 1. HP: 14/14 MP: 1/1
     0 | D:1      | 0 ||| qw: Version: 0.2-a-102-gfc559e5
     0 | D:1      | 0 ||| qw: Game counter: 573
     0 | D:1      | 0 ||| qw: Always use a shield: true
     0 | D:1      | 0 ||| qw: God list: Okawaru
     0 | D:1      | 0 ||| qw: Allow faded altars: false
     0 | D:1      | 0 ||| qw: Do Orc after D:15 true
     0 | D:1      | 0 ||| qw: Do second Lair branch before Depths: true
     0 | D:1      | 0 ||| qw: Lair rune preference: random
     0 | D:1      | 0 ||| qw: Plans: Normal, Zot:1-4, Slime:5, God:TSO, Crypt,
                  | Tomb, Pan, Hells, Abyss, Win
     0 | D:1      | 0 ||| PLANNING D:1-11
    81 | D:1      | Reached skill level 2 in Axes
   120 | D:1      | 120 ||| Stepping ~*~*~tactically~*~*~ (stealth).
   123 | D:1      | 123 ||| Stepping ~*~*~tactically~*~*~ (stealth).
   127 | D:1      | Reached XP level 2. HP: 19/19 MP: 2/2
   221 | D:1      | 221 ||| FLEEEEING.
   238 | D:1      | 238 ||| Stepping ~*~*~tactically~*~*~ (hiding).
   240 | D:1      | 240 ||| Stepping ~*~*~tactically~*~*~ (hiding).
   311 | D:1      | Reached skill level 3 in Axes
   325 | D:1      | Reached XP level 3. HP: 23/23 MP: 3/3
   515 | D:1      | 515 ||| DROPPING +0 club.
   970 | D:1      | 970 ||| UPGRADING to +0 pair of boots.
   975 | D:1      | 975 ||| UPGRADING to amulet of regeneration.
   980 | D:1      | 980 ||| READING scroll labelled ASOMOR PUOC.
   981 | D:1      | 981 ||| READING scroll labelled NOEP QYQUH.
  1182 | D:2      | Reached XP level 4. HP: 28/28 MP: 4/4
  1240 | D:2      | 1240 ||| Stepping ~*~*~tactically~*~*~ (stealth).
  1247 | D:2      | Reached skill level 4 in Axes
  1282 | D:2      | 1282 ||| Stepping ~*~*~tactically~*~*~ (stealth).
  1296 | D:2      | Noticed Jessica
  1297 | D:2      | 1297 ||| Stepping ~*~*~tactically~*~*~ (stealth).
  1305 | D:2      | Killed Jessica
  1595 | D:2      | 1595 ||| DROPPING +0 whip.
  1601 | D:2      | 1601 ||| Stepping ~*~*~tactically~*~*~ (stealth).
  1832 | D:2      | Found Ryex's General Store.
  1840 | D:2      | 1840 ||| BUYING +0 pair of gloves (63 gold).
  1840 | D:2      | Bought a +0 pair of gloves for 63 gold pieces
  1840 | D:2      | 1840 ||| SHOPLISTING potion of curing (42 gold, have 20).
  1840 | D:2      | 1840 ||| SHOPLISTING scroll of enchant armour (105 gold,
                  | have 20).
  1840 | D:2      | 1840 ||| SHOPLISTING scroll of identify (28 gold, have 20).
  1840 | D:2      | 1840 ||| UPGRADING to +0 pair of gloves.
  1845 | D:2      | 1845 ||| READING 2 scrolls labelled COUT WEGOORR.
  1846 | D:2      | 1846 ||| READING scroll labelled MUIGRA PAORIN.
  1847 | D:2      | 1847 ||| READING scroll labelled RERUJU NUPOFU.
  1848 | D:2      | 1848 ||| READING scroll labelled UMOGRE TOLUOL.
  1849 | D:2      | 1849 ||| READING scroll labelled QAEHUCALISM.
  1850 | D:2      | 1850 ||| READING scroll labelled NIUN OGUVUE.
  1851 | D:2      | 1851 ||| READING scroll labelled MODETO WINAE.
  1852 | D:2      | 1852 ||| READING scroll labelled ALUTOZ PAWUEMITO.
  1853 | D:2      | 1853 ||| DRINKING 3 emerald potions.
  1853 | D:2      | HP: 6/28 [spore (13)]
  1853 | D:2      | Killed by an exploding butterfly... ignited by their inner
                  | flame

Levels and vault maps discovered:
D:1:      lightli_arrival_maybe_door_vault, layout_basic, minmay_cut_off
D:2:      minmay_alternating_diamond, layout_basic, serial_shops, shop_statue,
          uniq_jessica

Skill      XL: |  1  2  3  4 |
---------------+-------------+-----
Axes           | 2 3 4 |  4.4
Fighting       | |  3.2
Armour         | |  3.2
Shields        | |  3.2

Action                     |  1- 3 |  4- 6 || total
---------------------------+-------+-------++-------
  Melee: War axe           |   130 |    46 ||   176
    Use: Scroll            |     2 |     8 ||    10
         Potion            |       |     1 ||     1
 Armour: Scale mail        |    84 |    22 ||   106
  Dodge: Dodged            |    73 |    16 ||    89
  Block: Buckler           |    35 |     9 ||    44

Table legend:
 A = Non-vault XP
 B = Vault XP
 C = Vault XP percentage of total XP
 D = Non-vault monster count
 E = Vault monster count
 F = Vault count percentage of total count
                 A         B        C        D         E       F
            +---------+---------+-------+---------+---------+-------
      Total |     103 |      54 |  34.4 |      53 |      10 |  15.9
            +---------+---------+-------+---------+---------+-------
        D:1 |      61 |       9 |  12.9 |      33 |       5 |  13.2
        D:2 |      42 |      45 |  51.7 |      20 |       5 |  20.0
            +---------+---------+-------+---------+---------+-------
